SA
DELAWARE 1787 BC @ SYRACUSE STORM
08/07/2031
 
TOP OF THE 1ST
Delaware 1787 BC batting - Pitching for Syracuse Storm : RHP Jack Joyner
Pitching: RHP Jack Joyner
Batting: LHB Xuan-ling Liao 0-0: Called Strike
0-1: Fly out, F7 (Flyball, 7S)
Batting: LHB Todd Bonzalez 0-0: Called Strike
0-1: Ball
1-1: Ball
2-1: Ground out 4-3 (Groundball, 4)
Batting: LHB Bryce Abood 0-0: Ball
1-0: Foul Ball, location: 2F
1-1: Called Strike
1-2: Foul Ball, location: 2F
1-2: Strikes out swinging
Top of the 1st over - 0 runs, 0 hits, 0 errors, 0 left on base; Delaware 0 - Syracuse 0
BOTTOM OF THE 1ST
Syracuse Storm batting - Pitching for Delaware 1787 BC : RHP Kent Horton
Pitching: RHP Kent Horton
Batting: SHB Franck Kooijmans 0-0: Called Strike
0-1: Ball
1-1: Ball
2-1: Ball
3-1: Base on Balls
Batting: RHB José García 0-0: Foul Ball, location: 2F
0-1: Ball
Franck Kooijmans is caught stealing 2nd base
1-1: Fly out, F9 (Flyball, 9LM)
Batting: LHB Salvador Ramírez 0-0: Called Strike
0-1: Foul Ball, location: 2F
0-2: Strikes out swinging
Bottom of the 1st over - 0 runs, 0 hits, 0 errors, 0 left on base; Delaware 0 - Syracuse 0
TOP OF THE 2ND
Delaware 1787 BC batting - Pitching for Syracuse Storm : RHP Jack Joyner
Batting: RHB Malcolm Campbell 0-0: Ball
1-0: DOUBLE (Line Drive, 78D)
Batting: SHB Curt Pack 0-0: Ball
1-0: Ball
2-0: Ball
3-0: Base on Balls
Batting: RHB Kendrick Drumgoole 0-0: Swinging Strike
0-1: Ball
1-1: Called Strike
1-2: Strikes out swinging
Batting: LHB Hai-feng Tang 0-0: Ball
Wild Pitch!
Malcolm Campbell to third
Curt Pack to second
1-0: Ball
2-0: Foul Ball, location: 2F
2-1: Called Strike
2-2: Foul Ball, location: 2F
2-2: Ground out 5-3 (Groundball, 56S)
Malcolm Campbell scores
Curt Pack to third
Batting: RHB Gerold Olthof 0-0: Ball
1-0: Foul Ball, location: 2F
1-1: Ball
2-1: Foul Ball, location: 2F
2-2: Strikes out looking
Top of the 2nd over - 1 run, 1 hit, 0 errors, 1 left on base; Delaware 1 - Syracuse 0
BOTTOM OF THE 2ND
Syracuse Storm batting - Pitching for Delaware 1787 BC : RHP Kent Horton
Batting: LHB Bora Garasanin 0-0: Foul Ball, location: 2F
0-1: Ball
1-1: Ball
2-1: Fly out, F9 (Flyball, 9D)
Batting: RHB Javier Sandoval 0-0: Ball
1-0: Foul Ball, location: 2F
1-1: Ball
2-1: Fly out, F7 (Flyball, 7S)
Batting: LHB Rafael Longoria 0-0: Fly out, F4 (Flyball, 4MD)
Bottom of the 2nd over - 0 runs, 0 hits, 0 errors, 0 left on base; Delaware 1 - Syracuse 0
TOP OF THE 3RD
Delaware 1787 BC batting - Pitching for Syracuse Storm : RHP Jack Joyner
Batting: SHB José Trinidad 0-0: Foul Ball, location: 2F
0-1: Ball
1-1: Fly out, F4 (Line Drive, 4)
Batting: LHB Xuan-ling Liao 0-0: Called Strike
0-1: Foul Ball, location: 2F
0-2: Strikes out looking
Batting: LHB Todd Bonzalez 0-0: Ball
1-0: Swinging Strike
1-1: Foul Ball, location: 2F
1-2: Strikes out swinging
Top of the 3rd over - 0 runs, 0 hits, 0 errors, 0 left on base; Delaware 1 - Syracuse 0
BOTTOM OF THE 3RD
Syracuse Storm batting - Pitching for Delaware 1787 BC : RHP Kent Horton
Batting: RHB Juan Perales 0-0: Foul Ball, location: 2F
0-1: Called Strike
0-2: Fly out, F5 (Line Drive, 5)
Batting: RHB Sadakuno Hashimoto 0-0: Ball
1-0: Swinging Strike
1-1: Ball
2-1: Fly out, F9 (Flyball, 89D)
Batting: RHB Nelson Morán 0-0: Ground out 6-3 (Groundball, 6)
Bottom of the 3rd over - 0 runs, 0 hits, 0 errors, 0 left on base; Delaware 1 - Syracuse 0
TOP OF THE 4TH
Delaware 1787 BC batting - Pitching for Syracuse Storm : RHP Jack Joyner
Batting: LHB Bryce Abood 0-0: Foul Ball, location: 2F
0-1: Foul Ball, location: 2F
0-2: Ball
1-2: Ball
2-2: SINGLE (Line Drive, 6MD)
Batting: RHB Malcolm Campbell 0-0: Ball
1-0: Swinging Strike
1-1: Called Strike
1-2: Reached on error, E5 (Groundball, 56S)
Bryce Abood to third
Batting: SHB Curt Pack 0-0: Ball
1-0: Ball
2-0: Swinging Strike
2-1: Ground out 5-3 (Groundball, 56)
Bryce Abood scores
Batting: RHB Kendrick Drumgoole 0-0: Ball
1-0: Fly out, F6 (Popup, 6M)
Batting: LHB Hai-feng Tang 0-0: Called Strike
0-1: SINGLE (Groundball, 6M) (infield hit)
Malcolm Campbell to third
Batting: RHB Gerold Olthof 0-0: Swinging Strike
0-1: Called Strike
0-2: Strikes out swinging
Top of the 4th over - 1 run, 2 hits, 1 error, 2 left on base; Delaware 2 - Syracuse 0
BOTTOM OF THE 4TH
Syracuse Storm batting - Pitching for Delaware 1787 BC : RHP Kent Horton
Batting: SHB Franck Kooijmans 0-0: Fly out, F6 (Popup, 6MD)
Batting: RHB José García 0-0: Ground out 1-3 (Groundball, 15)
Batting: LHB Salvador Ramírez 0-0: Ball
1-0: Called Strike
1-1: Foul Ball, location: 2F
1-2: Fly out, F4 (Popup, 4MD)
Bottom of the 4th over - 0 runs, 0 hits, 0 errors, 0 left on base; Delaware 2 - Syracuse 0
TOP OF THE 5TH
Delaware 1787 BC batting - Pitching for Syracuse Storm : RHP Jack Joyner
Batting: SHB José Trinidad 0-0: Ball
1-0: DOUBLE (Line Drive, 9LD)
Batting: LHB Xuan-ling Liao 0-0: Intentional Walk
Batting: LHB Todd Bonzalez 0-0: Bunt missed!
0-1: Sac Bunt - play at first, batter OUT! 1-4
José Trinidad to third
Xuan-ling Liao to second
Batting: LHB Bryce Abood 0-0: Intentional Walk
Batting: RHB Malcolm Campbell 0-0: Called Strike
0-1: Ball
1-1: Swinging Strike
1-2: SINGLE (Flyball, 8RS)
José Trinidad scores
Xuan-ling Liao to third
Bryce Abood to second
Runner from 3rd tries for Home, SAFE, throw made home
Batting: SHB Curt Pack 0-0: Ball
1-0: Ball
2-0: Called Strike
2-1: Ball
3-1: Base on Balls
Bryce Abood to third
Malcolm Campbell to second
Batting: RHB Kendrick Drumgoole 0-0: Swinging Strike
0-1: Grounds into double play, 5-4-3 (Groundball, 56)
Top of the 5th over - 2 runs, 2 hits, 0 errors, 2 left on base; Delaware 4 - Syracuse 0
BOTTOM OF THE 5TH
Syracuse Storm batting - Pitching for Delaware 1787 BC : RHP Kent Horton
Batting: LHB Bora Garasanin 0-0: Ball
1-0: Foul Ball, location: 2F
1-1: DOUBLE (Line Drive, 89XD)
Batting: RHB Javier Sandoval 0-0: Ball
1-0: Foul Ball, location: 2F
1-1: Foul Ball, location: 2F
1-2: Strikes out swinging
Batting: LHB Rafael Longoria 0-0: Ball
1-0: Called Strike
1-1: Fly out, F7 (Flyball, 7S)
Batting: RHB Juan Perales 0-0: Swinging Strike
0-1: Ball
1-1: Reached on error, E5 (Groundball, 56)
Bora Garasanin scores
Batting: RHB Sadakuno Hashimoto 0-0: Ground out 6-3 (Groundball, 56D)
Bottom of the 5th over - 1 run, 1 hit, 1 error, 1 left on base; Delaware 4 - Syracuse 1
TOP OF THE 6TH
Delaware 1787 BC batting - Pitching for Syracuse Storm : RHP Jack Joyner
Batting: LHB Hai-feng Tang 0-0: Ball
1-0: Foul Ball, location: 2F
1-1: Ground out 4-3 (Groundball, 4M)
Batting: RHB Gerold Olthof 0-0: Ground out 4-3 (Groundball, 4)
Batting: SHB José Trinidad 0-0: Swinging Strike
0-1: Foul Ball, location: 2F
0-2: Ball
1-2: Ball
2-2: Ball
3-2: Strikes out swinging
Top of the 6th over - 0 runs, 0 hits, 0 errors, 0 left on base; Delaware 4 - Syracuse 1
BOTTOM OF THE 6TH
Syracuse Storm batting - Pitching for Delaware 1787 BC : RHP Kent Horton
Batting: RHB Nelson Morán 0-0: Called Strike
0-1: Ball
1-1: Called Strike
1-2: Foul Ball, location: 2F
1-2: SINGLE (Groundball, 56D)
Batting: SHB Franck Kooijmans Balk!
Nelson Morán to second
0-0: Ball
1-0: Ground out 4-3 (Groundball, 4)
Nelson Morán to third
Batting: RHB José García 0-0: Ball
1-0: Fly out, F9 (Flyball, 89M)
Runner from 3rd tags up, SCORES, throw made
Batting: LHB Salvador Ramírez 0-0: Ball
1-0: SINGLE (Groundball, 4MD)
Batting: LHB Bora Garasanin 0-0: Ball
1-0: Called Strike
1-1: Swinging Strike
1-2: Foul Ball, location: 2F
1-2: Ball
2-2: Foul Ball, location: 2F
2-2: Fly out, F6 (Line Drive, 4MD)
Bottom of the 6th over - 1 run, 2 hits, 0 errors, 1 left on base; Delaware 4 - Syracuse 2
TOP OF THE 7TH
Delaware 1787 BC batting - Pitching for Syracuse Storm : RHP Jack Joyner
Batting: LHB Xuan-ling Liao 0-0: Ball
1-0: Fly out, F7 (Flyball, 7S)
Batting: LHB Todd Bonzalez 0-0: Swinging Strike
0-1: Ball
1-1: Foul Ball, location: 2F
1-2: Ball
2-2: Ball
3-2: Foul Ball, location: 2F
3-2: Strikes out swinging
Batting: LHB Bryce Abood 0-0: Called Strike
0-1: Swinging Strike
0-2: Ball
1-2: Ball
2-2: Ball
3-2: Strikes out swinging
Top of the 7th over - 0 runs, 0 hits, 0 errors, 0 left on base; Delaware 4 - Syracuse 2
BOTTOM OF THE 7TH
Syracuse Storm batting - Pitching for Delaware 1787 BC : RHP Kent Horton
Batting: RHB Javier Sandoval 0-0: Called Strike
0-1: Foul Ball, location: 2F
0-2: SINGLE (Line Drive, 56D)
Batting: LHB Rafael Longoria 0-0: Called Strike
0-1: Ball
1-1: Ball
2-1: Swinging Strike
2-2: Ball
Javier Sandoval steals 2nd base
3-2: Foul Ball, location: 2F
3-2: Strikes out swinging
Batting: RHB Juan Perales 0-0: Ball
1-0: Ball
2-0: Ball
3-0: Base on Balls
Pinch Hitting: LHB Seung-min Sin 0-0: Ball
1-0: Ball
Throwing error on steal attempt, E2
Javier Sandoval scores
Juan Perales to third
2-0: Called Strike
2-1: Swinging Strike
2-2: Strikes out looking
Batting: RHB Nelson Morán 0-0: Ball
1-0: Ground out 4-3 (Groundball, 4)
Bottom of the 7th over - 1 run, 1 hit, 1 error, 1 left on base; Delaware 4 - Syracuse 3
TOP OF THE 8TH
Delaware 1787 BC batting - Pitching for Syracuse Storm : RHP Jack Joyner
Pitching: RHP Kerry Tenner
Now at SS: Seung-min Sin
Batting: RHB Malcolm Campbell 0-0: Called Strike
0-1: Called Strike
0-2: Foul Ball, location: 2F
0-2: Strikes out looking
Batting: SHB Curt Pack 0-0: Ball
1-0: Ball
2-0: Ball
3-0: Swinging Strike
3-1: Base on Balls
Pinch Hitting: RHB Elwiin Hund 0-0: Swinging Strike
0-1: Ball
1-1: Ball
2-1: Ball
3-1: Base on Balls
Curt Pack to second
Batting: LHB Hai-feng Tang 0-0: Called Strike
0-1: Ball
1-1: Ball
2-1: Foul Ball, location: 2F
2-2: Ball
3-2: Fly out, F9 (Flyball, 89D)
Batting: RHB Gerold Olthof 0-0: Ball
1-0: Fly out, F5 (Popup, 5F)
Top of the 8th over - 0 runs, 0 hits, 0 errors, 2 left on base; Delaware 4 - Syracuse 3
BOTTOM OF THE 8TH
Syracuse Storm batting - Pitching for Delaware 1787 BC : RHP Kent Horton
Now at C: Tomás Cameros
Now in LF: Tobias Jimenez
Batting: SHB Franck Kooijmans 0-0: Called Strike
0-1: SINGLE (Line Drive, 7LM)
Batting: RHB José García 0-0: Ball
1-0: Bunted foul
1-1: Sac Bunt - play at first, batter OUT! 2-4
Franck Kooijmans to second
Batting: LHB Salvador Ramírez 0-0: Fly out, F1 (Line Drive, 13)
Batting: LHB Bora Garasanin 0-0: Ball
1-0: Ball
2-0: Fly out, F3 (Popup, 3SF)
Bottom of the 8th over - 0 runs, 1 hit, 0 errors, 1 left on base; Delaware 4 - Syracuse 3
TOP OF THE 9TH
Delaware 1787 BC batting - Pitching for Syracuse Storm : RHP Kerry Tenner
Pitching: RHP Barry Rozner
Batting: SHB José Trinidad 0-0: Called Strike
0-1: Ball
1-1: Swinging Strike
1-2: Strikes out swinging
Batting: LHB Xuan-ling Liao 0-0: Called Strike
0-1: Foul Ball, location: 2F
0-2: Strikes out swinging
Batting: LHB Todd Bonzalez 0-0: SINGLE (Flyball, 8LS)
Batting: LHB Bryce Abood 0-0: Ball
1-0: Foul Ball, location: 2F
1-1: Ground out 4-3 (Groundball, 4S)
Top of the 9th over - 0 runs, 1 hit, 0 errors, 1 left on base; Delaware 4 - Syracuse 3
BOTTOM OF THE 9TH
Syracuse Storm batting - Pitching for Delaware 1787 BC : RHP Kent Horton
Pitching: RHP Amando Codes
Pinch Hitting: LHB Phil Beck 0-0: Swinging Strike
0-1: Ball
1-1: Ball
2-1: Ball
3-1: Called Strike
3-2: Ground out 6-3 (Groundball, 56)
Batting: LHB Rafael Longoria 0-0: Called Strike
0-1: Ball
1-1: Foul Ball, location: 2F
1-2: Ball
2-2: Ball
3-2: Foul Ball, location: 2F
3-2: Fly out, F9 (Flyball, 9LSF)
Batting: RHB Juan Perales 0-0: Fly out, F9 (Flyball, 9)
Bottom of the 9th over - 0 runs, 0 hits, 0 errors, 0 left on base; Delaware 4 - Syracuse 3
Tuesday, June 12th, 2018 - OOTP Baseball 18.8 Build 76